 Dungeon Crawl Stone Soup version 0.25-a0-566-g062765be81 (webtiles) character file.

Game seed: 12247985473217244761, levelgen mode: deterministic

10824 Flugslaktarn the Cleaver (level 11, -12/103 HPs)
             Began as a Deep Dwarf Fighter on Feb 27, 2020.
             Was a Follower of Makhleb.
             Mangled by Snorg (18 damage)
             ... on level 10 of the Dungeon.
             The game lasted 00:05:50 (6078 turns).

Flugslaktarn the Cleaver (Deep Dwarf Fighter)       Turns: 6078, Time: 00:05:51

Health: -12/103    AC: 13    Str: 22    XL:     11   Next: 41%
Magic:  1/1        EV:  6    Int: 10    God:    Makhleb [*.....]
Gold:   442        SH: 11    Dex: 12    Spells: 10/10 levels left

rFire    . . .     SeeInvis +   o - +1 war axe (flame)
rCold    x . .     Gourm    .   c - +0 kite shield
rNeg     . . .     Faith    .   J - +1 chain mail "Atrudol" {rPois rC- Regen+}
rPois    +         Spirit   .   G - +0 helmet
rElec    .         Reflect  .   (no cloak)
rCorr    .         Harm     .   (no gloves)
MR       ++...                  (no boots)
Stlth    ..........             (no amulet)
HPRegen  0.00/turn              i - ring of see invisible
MPRegen  0.07/turn              m - ring of protection from magic

@: non-regenerating, slowed, heavily drained, very slow
A: damage resistance, heal wounds, sense surroundings 2, no regeneration
a: Heal Wounds, Renounce Religion


You were on level 10 of the Dungeon.
You worshipped Makhleb.
Makhleb was aware of your devotion.
You were not hungry.

You visited 2 branches of the dungeon, and saw 11 of its levels.
You also visited: Ossuary.

You collected 442 gold pieces.

Inventory:

Hand Weapons
 a - a +1 war axe
 o - a +1 war axe of flaming (weapon)
   (You took it off Maggie on level 7 of the Dungeon)
Missiles
 E - 3 throwing nets (quivered)
Armour
 c - a +0 kite shield (worn)
 g - a +0 plate armour
   (You found it on level 1 of the Dungeon)
 G - a +0 helmet (worn)
   (You found it on level 4 of the Dungeon)
 J - the +1 chain mail "Atrudol" (worn) {rPois rC- Regen+}
   (You found it on level 9 of the Dungeon)

   It makes you vulnerable to cold.
   It protects you from poison.
   It increases your rate of regeneration.
   If you remove this armour, your AC will decrease by 12 (13 -> 1).
Jewellery
 i - a ring of see invisible (left hand)
   (You found it on level 7 of the Dungeon)
 m - a ring of protection from magic (right hand)
   (You found it on level 4 of the Dungeon)
Wands
 l - a wand of acid (7)
   (You found it on level 5 of the Dungeon)
 v - a wand of digging (4)
   (You found it on level 6 of the Dungeon)
 y - a wand of scattershot (7)
   (You found it on level 5 of the Dungeon)
Scrolls
 h - 2 scrolls of enchant weapon
 p - a scroll of noise {unknown}
 r - a scroll of magic mapping
 t - 3 scrolls of teleportation
 w - 2 scrolls of remove curse
 x - 3 scrolls of immolation
 D - a scroll of fear
 K - a scroll of torment {unknown}
Potions
 b - 2 potions of haste {unknown}
 d - a potion of might
 f - a potion of stabbing {unknown}
 j - 2 potions of invisibility
 k - a potion of brilliance
 n - 2 potions of resistance
 q - 5 potions of curing
 s - 2 potions of heal wounds {unknown}
 u - a potion of magic
 z - 2 potions of degeneration {unknown}
 A - 3 potions of flight
 C - 2 potions of lignification {unknown}
 H - a potion of mutation {unknown}
 I - a potion of ambrosia {unknown}
 L - a potion of cancellation {unknown}
Comestibles
 e - 11 rations
 B - 16 chunks of flesh


   Skills:
 + Level 7.9(6.5) Fighting
 * Level 12.4(10.8) Axes
 + Level 9.4(8.0) Armour
 + Level 9.4(8.0) Shields
 + Level 3.2(2.0) Invocations


You had 10 spell levels left.
You didn't know any spells.
Your spell library was empty.

Dungeon Overview and Level Annotations

Branches:
Dungeon (10/15)            Temple (1/1) D:7         Ossuary (visited)
   Lair: D:8-11         Orc: D:9-12

Altars:
Ashenzari
Cheibriados
Dithmenos
Elyvilon
Fedhas
Gozag
Hepliaklqana
Kikubaaqudgha
Makhleb
Nemelex Xobeh
Okawaru
Qazlal
Ru
Sif Muna
Trog
Uskayaw
Vehumet
Wu Jian
Xom
Yredelemnul
Zin
The Shining One

Shops:
D:7 %

Annotations:
D:10 exclusion: orange crystal statue, Snorg


Innate Abilities, Weirdness & Mutations

You are resistant to damage.
You can heal yourself by infusing magical energy.
You passively map the area around you.
You do not regenerate.


Message History

Snorg claws you but does no damage.
You slash Snorg! You burn Snorg.
Snorg is severely wounded.
Snorg goes berserk!
You block Snorg's attack. Snorg completely misses you.
Snorg claws you but does no damage.
You hit Snorg. You burn Snorg.
Snorg is severely wounded.
You block Snorg's attack. Snorg claws you!
* * * LOW HITPOINT WARNING * * *
You block Snorg's attack. x2; Snorg claws you but does no damage. x2
You hit Snorg. You burn Snorg.
Snorg is severely wounded.
Snorg bites you but does no damage. Snorg claws you. You block Snorg's attack.
Snorg bites you!!
* * * LOW HITPOINT WARNING * * *
Snorg claws you but does no damage. You block Snorg's attack.
You barely miss Snorg.
Snorg is severely wounded.
Snorg bites you!!
You die...

......###...........# #.
......# #.###.##.##.# ##
......# #.....##.# #
.(....# #......#.# #
(.....# #......#.##.#
######## ......#
#.........#.# ........
...#### #...........
........ ...# #.........#,
*#######.†. ####
#.......@.# ,...........
#^###....T###.########.##
*
*#................<..##.#.
*
...........)....#.#.##.#.
≈ * #
.................#.##.#.
,.................#.##.#.
≈≈
**#######.####.#.###.##.#.
≈≈ #..* *.#####.##.#. *
#..* .#.T......#.


You could see Snorg (berserk).

Vanquished Creatures
  Josephine (D:10)
  Harold (D:7)
  2 two-headed ogres (D:9)
  Sonja (D:10)
  Joseph (D:7)
  Maggie (D:7)
  A komodo dragon (D:9)
  2 hornets (D:9)
  Prince Ribbit (D:7)
  2 hippogriffs (D:7)
  Sigmund (D:6)
  5 wraiths (D:10)
  6 yaks (D:10)
  Eustachio (D:4)
  Grum (D:9)
  Menkaure (D:4)
  A soldier ant (D:10)
  Duvessa (D:6)
  An orc warrior (D:9)
  A water moccasin (D:7)
  A black bear (D:6)
  A phantom (D:8)
  2 wolves (D:9)
  3 centaurs
  An ogre (D:7)
  A big kobold (D:9)
  3 bullfrogs
  3 elf zombies (Ossuary)
  A gnoll sergeant (D:7)
  A water moccasin zombie (D:9)
  A wyvern skeleton (D:8)
  3 scorpions
  Dowan (D:6)
  3 killer bees (D:9)
  3 wights (D:10)
  A howler monkey (D:4)
  5 crimson imps
  4 centaur zombies
  2 hounds
  4 orc priests
  7 orc wizards
  3 centaur skeletons
  2 human zombies (Ossuary)
  4 iguanas
  Ijyb (D:4)
  3 worker ants
  2 big kobold zombies (Ossuary)
  4 hound zombies (Ossuary)
  3 mummies (Ossuary)
  7 adders
  8 gnolls (D:7)
  A howler monkey skeleton (D:6)
  A shadow imp (D:9)
  An ooze (D:4)
  4 adder zombies (Ossuary)
  3 worms
  5 leopard geckos
  40 orcs
  3 bats
  2 giant cockroaches
  4 hobgoblins
  2 jackals (D:3)
  A quokka (D:8)
  A ball python (D:3)
  A frilled lizard (D:3)
  5 goblins
  4 goblin zombies (Ossuary)
  3 hobgoblin zombies (Ossuary)
  3 jackal zombies
  8 kobolds
  4 kobold zombies (Ossuary)
  A leopard gecko skeleton (D:4)
  An orc zombie (Ossuary)
  3 quokka zombies (Ossuary)
  3 rats
  3 rat zombies (Ossuary)
227 creatures vanquished.

Notes
Turn   | Place    | Note
-------+----------+-------------------------------------------
     0 | D:1      | Flugslaktarn the Deep Dwarf Fighter began the quest for the
                  | Orb.
     0 | D:1      | Reached XP level 1. HP: 20/20 MP: 1/1
   102 | D:1      | Reached XP level 2. HP: 25/27 MP: 2/2
   235 | D:2      | Reached skill level 3 in Axes
   342 | D:2      | Found a faded altar of an unknown god.
   352 | D:2      | Reached XP level 3. HP: 34/34 MP: 3/3
   375 | D:2      | Reached XP level 4. HP: 38/42 MP: 4/4
   621 | D:3      | Reached skill level 4 in Axes
   621 | D:3      | Reached XP level 5. HP: 23/49 MP: 5/5
   797 | D:3      | Found a basalt altar of Yredelemnul.
   800 | D:3      | Found a shadowy altar of Dithmenos.
   802 | D:3      | Found a blossoming altar of Fedhas.
   804 | D:3      | Found a glowing golden altar of the Shining One.
   804 | D:3      | Found a shimmering blue altar of Sif Muna.
   804 | D:3      | Found a sacrificial altar of Ru.
   804 | D:3      | Found a stormy altar of Qazlal.
   814 | D:3      | Found a white marble altar of Elyvilon.
   816 | D:3      | Found a radiant altar of Vehumet.
   932 | D:4      | Reached XP level 6. HP: 37/56 MP: 6/6
   932 | D:4      | Noticed Ijyb
   943 | D:4      | Killed Ijyb
   952 | D:4      | Noticed Eustachio
   975 | D:4      | Killed Eustachio
   975 | D:4      | Reached skill level 5 in Axes
   981 | D:4      | Noticed Menkaure
   994 | D:4      | Killed Menkaure
   994 | D:4      | Reached XP level 7. HP: 42/64 MP: 6/6
  1124 | D:4      | Found an iron altar of Okawaru.
  1163 | D:4      | Reached skill level 5 in Armour
  1163 | D:4      | Reached skill level 5 in Shields
  1357 | D:5      | Entered Level 5 of the Dungeon
  1372 | D:5      | Reached skill level 6 in Axes
  1940 | D:6      | Noticed Dowan
  1942 | D:6      | Noticed Duvessa
  1956 | D:6      | Killed Dowan
  1956 | D:6      | Reached XP level 8. HP: 66/73 MP: 7/7
  1975 | D:6      | Killed Duvessa
  1975 | D:6      | Reached skill level 7 in Axes
  1995 | D:6      | Noticed Sigmund
  2056 | D:6      | Killed Sigmund
  2237 | D:6      | Reached skill level 5 in Fighting
  2697 | D:5      | Found a glowing silver altar of Zin.
  2785 | D:7      | Found a staircase to the Ecumenical Temple.
  2815 | Temple   | Entered the Ecumenical Temple
  3073 | D:7      | Noticed Maggie
  3117 | D:7      | Killed Maggie
  3117 | D:7      | Reached skill level 8 in Axes
  3224 | D:7      | Noticed Joseph
  3239 | D:7      | Killed Joseph
  3239 | D:7      | Gained mutation: You passively map the area around you.
                  | [Deep Dwarf growth]
  3239 | D:7      | Reached XP level 9. HP: 31/81 MP: 6/6
  3293 | D:7      | Reached skill level 9 in Axes
  3343 | D:7      | Noticed Harold
  3376 | D:7      | Killed Harold
  3379 | D:7      | Reached skill level 10 in Axes
  3541 | D:7      | Noticed a +0 dagger
  3541 | D:7      | Noticed a +0 hand axe
  3542 | D:7      | Found a hide-covered altar of Uskayaw.
  3558 | D:7      | Got a bronze scale mail
  3569 | D:7      | Identified the +1 scale mail of Indomitability {rN++ MR+
                  | rCorr Slay-6} (You found it on level 7 of the Dungeon)
  3597 | D:7      | Noticed Prince Ribbit
  3602 | D:7      | Killed Prince Ribbit
  3602 | D:7      | Reached XP level 10. HP: 49/92 MP: 5/5
  3766 | D:7      | Found Jilef's Food Shoppe.
  4125 | D:8      | Found a sand-covered staircase.
  4130 | Ossuary  | Entered an ossuary
  5011 | D:9      | Noticed a two-headed ogre
  5020 | D:9      | Killed a two-headed ogre
  5020 | D:9      | Reached skill level 11 in Axes
  5110 | D:9      | Noticed Grum
  5118 | D:9      | Killed Grum
  5170 | D:9      | Noticed a two-headed ogre
  5176 | D:9      | Killed a two-headed ogre
  5188 | D:9      | Got a tiger eye-encrusted chain mail
  5199 | D:9      | Identified the +1 chain mail "Atrudol" {rPois rC- Regen+}
                  | (You found it on level 9 of the Dungeon)
  5461 | D:9      | Found a burning altar of Makhleb.
  5644 | D:9      | Became a worshipper of Makhleb the Destroyer
  5664 | D:10     | Entered Level 10 of the Dungeon
  5672 | D:10     | Reached XP level 11. HP: 79/100 MP: 2/2
  5776 | D:10     | Found a blossoming altar of Fedhas.
  5819 | D:10     | Noticed an orange crystal statue
  5882 | D:10     | Reached skill level 1 in Invocations
  5888 | D:10     | Reached skill level 12 in Axes
  5942 | D:10     | Noticed Snorg
  5950 | D:10     | Noticed Sonja
  5994 | D:10     | Killed Sonja
  6014 | D:10     | Noticed Josephine
  6043 | D:10     | Killed Josephine
  6043 | D:10     | Reached * piety under Makhleb
  6078 | D:10     | Mangled by Snorg

Levels and vault maps discovered:
D:1:      dpeg_arrival_rooms_with_view, layout_basic
D:2:      layout_loops_corners, first_ration,
          chequers_ecumenical_altar_simple_redux, uniq_jessica, uniq_robin
D:3:      layout_loops_cross, minitemple, nemelex_dance_club_becter,
          uniq_grinder
D:4:      layout_rooms, okawaru_gym_becter, skrybe_limestone_x, uniq_menkaure,
          uniq_ijyb, uniq_eustachio
D:5:      layout_basic, nicolae_overflow_hidden_temple
D:6:      layout_basic, hangedman_decor_riveting, uniq_duvessa, uniq_sigmund
D:7:      layout_basic, dancing_weapons_uskayaw,
          minmay_temple_entry_enclosed_plants, serial_shops,
          kennysheep_mini_moat, uniq_maggie, uniq_prince_ribbit1, uniq_harold,
          uniq_joseph
D:8:      layout_basic, enter_ossuary_2, hex_tiny
D:9:      layout_loops_ring, lemuel_doored_altar, uniq_grum
D:10:     layout_basic, lair_entry_dummy, small_statue_alley_a, grunt_livestock,
          interstate_on_off, fedhas_altar_fruit_tree, uniq_snorg, uniq_sonja,
          uniq_josephine
Temple:   compressed_dpeg_triangle_lava_temple

Skill      XL: |  1  2  3  4  5  6  7  8  9 10 11 |
---------------+----------------------------------+-----
Axes           | 3 4 5 6 8 10 11 12 | 12.4
Fighting       | 3 4 5 6 7 |  7.9
Armour         | 4 5 6 7 9 |  9.4
Shields        | 4 5 6 7 9 |  9.4
Invocations    | 3 |  3.2

Action                   |  1- 3 |  4- 6 |  7- 9 | 10-12 || total
-------------------------+-------+-------+-------+-------++-------
Melee: War axe           |    79 |   169 |   331 |   366 ||   945
 Abil: Heal Wounds       |     1 |     5 |    12 |    20 ||    38
Evoke: Wand              |       |       |       |    11 ||    11
  Use: Scroll            |       |       |    10 |     5 ||    15
  Eat: Chunk             |       |     1 |     6 |     5 ||    12
       Ration            |       |       |     1 |     1 ||     2
Armor: Plate armour      |    57 |   121 |   226 |    79 ||   483
       Scale mail        |     2 |       |       |       ||     2
       Chain mail        |       |       |       |    91 ||    91
Dodge: Dodged            |    15 |    29 |    65 |    77 ||   186
Block: Kite shield       |    39 |    95 |   176 |   204 ||   514

Table legend:
 A = Non-vault XP
 B = Vault XP
 C = Vault XP percentage of total XP
 D = Non-vault monster count
 E = Vault monster count
 F = Vault count percentage of total count
                 A         B        C        D         E       F
            +---------+---------+-------+---------+---------+-------
      Total |    8469 |    6994 |  45.2 |     164 |      63 |  27.8
            +---------+---------+-------+---------+---------+-------
        D:1 |       8 |       4 |  33.3 |       5 |       2 |  28.6
        D:2 |     140 |       0 |   0.0 |      20 |       0 |   0.0
        D:3 |     185 |       0 |   0.0 |      16 |       0 |   0.0
        D:4 |     119 |     399 |  77.0 |      10 |       3 |  23.1
        D:5 |     548 |       0 |   0.0 |      14 |       0 |   0.0
        D:6 |     405 |     438 |  52.0 |      14 |       3 |  17.6
        D:7 |    1357 |    2117 |  60.9 |      23 |       4 |  14.8
        D:8 |     420 |       0 |   0.0 |      12 |       0 |   0.0
        D:9 |    3522 |     423 |  10.7 |      32 |       3 |   8.6
       D:10 |    1765 |    2887 |  62.1 |      18 |       7 |  28.0
    Ossuary |       0 |     726 | 100.0 |       0 |      41 | 100.0
            +---------+---------+-------+---------+---------+-------
